 Dungeon Crawl Stone Soup version 0.25-a0-341-g6f074c8 (webtiles) character file.

Game seed: 13171246868947466780, levelgen mode: deterministic

3927 Eglamore the Grappler (level 10, -5/94 HPs)
             Began as a Troll Monk on Dec 31, 2019.
             Slain by a hell hound (8 damage)
             ... on level 5 of the Lair of Beasts.
             The game lasted 00:15:21 (5318 turns).

Eglamore the Grappler (Troll Monk)                  Turns: 5318, Time: 00:15:22

Health: -5/94      AC:  7    Str: 29    XL:     10   Next: 1%
Magic:  9/9        EV: 12    Int:  6    God:
Gold:   383        SH:  0    Dex: 12    Spells: 9/9 levels left

rFire    . . .     SeeInvis .     - Unarmed
rCold    . . .     Gourm    +   (no shield)
rNeg     . . .     Faith    .   a - +1 robe
rPois    +         Spirit   .   (helmet restricted)
rElec    .         Reflect  .   (no cloak)
rCorr    .         Harm     .   (gloves unavailable)
MR       .....                  (boots unavailable)
Stlth    ++........             (no amulet)
HPRegen  0.65/turn              c - ring of poison resistance
MPRegen  0.11/turn              q - +5 ring of strength

@: no status effects
A: large, unfitting armour, claws 3, fast metabolism 3, gourmand, regeneration
1, shaggy fur 1, tough skin 3
a: no special abilities


You were on level 5 of the Lair of Beasts.
You were completely stuffed.

You visited 3 branches of the dungeon, and saw 15 of its levels.

You collected 383 gold pieces.

Inventory:

Missiles
 k - 5 silver boomerangs (quivered)
 o - 4 boomerangs
Armour
 a - a +1 robe (worn)
Jewellery
 c - a ring of poison resistance (left claw)
 d - an uncursed amulet of the acrobat {unknown}
 q - a +5 ring of strength (right claw)
Wands
 e - a wand of random effects (23)
 r - a wand of scattershot (5)
Scrolls
 g - 6 scrolls of remove curse
 h - a scroll of noise
 l - a scroll of enchant weapon
 m - a scroll of amnesia
Potions
 n - 2 potions of flight
Comestibles
 b - 16 rations
 f - 3 chunks of flesh


   Skills:
 + Level 4.7 Fighting
 + Level 6.2 Dodging
 + Level 3.4 Stealth
 + Level 10.8 Unarmed Combat


You had 9 spell levels left.
You didn't know any spells.
Your spell library contained the following spells:

 Spells                   Type           Power        Failure   Level  Hunger
 Confusing Touch          Hex            #.....       45%         1    ##.....
 Freeze                   Ice            #...         45%         1    ##.....
 Magic Dart               Conj           #...         45%         1    ##.....
 Sandblast                Erth           #.....       45%         1    ##.....
 Passwall                 Tmut/Erth      #.......     58%         2    ###....
 Searing Ray              Conj           #.....       58%         2    ###....
 Confuse                  Hex            #.......     83%         3    ####...
 Dazzling Flash           Conj/Hex       #.....       83%         3    ####...
 Gell's Gravitas          Tloc           #.........   83%         3    ####...
 Ozocubu's Armour         Chrm/Ice       #.......     83%         3    ####...
 Stone Arrow              Conj/Erth      #.....       83%         3    ####...
 Fulminant Prism          Conj/Hex       #.........   99%         4    #####..
 Hailstorm                Conj/Ice       #.......     99%         4    #####..
 Iskenderun's Mystic Bla  Conj/Tloc      #.......     99%         4    #####..
 Petrify                  Tmut/Erth      #.......     99%         4    #####..
 Summon Ice Beast         Ice/Summ       #.......     99%         4    #####..
 Lee's Rapid Deconstruct  Erth           #.........   100%        5    ######.
 Metabolic Englaciation   Hex/Ice        #.........   100%        5    ######.
 Yara's Violent Unravell  Hex/Tmut       #.........   100%        5    ######.


Dungeon Overview and Level Annotations

Branches:
Dungeon (8/15)             Temple (1/1) D:6            Lair (6/6) D:8
  Swamp: Lair:2-4    Shoals: Lair:2-4     Snake: Lair:2-4    Spider: Lair:2-4
  Slime: Lair:5-6

Altars:
Ashenzari
Cheibriados
Dithmenos
Elyvilon
Fedhas
Hepliaklqana
Kikubaaqudgha
Makhleb
Nemelex Xobeh
Okawaru
Qazlal
Sif Muna
Uskayaw
Vehumet
Xom
Yredelemnul
The Shining One

Annotations:
Lair:5 exclusion: oklob plant


Innate Abilities, Weirdness & Mutations

You are too large for most types of armour.
You have claws for hands.
Your metabolism is lightning-fast.
You like to eat raw meat.
Your natural rate of healing is unusually fast.
You are covered in fur. (AC +1)
You have extremely tough skin. (AC +3)


Message History

Level annotation: exclusion: oklob plant
There is a stone staircase leading down here.
You are too injured to fight recklessly!
You are too injured to fight recklessly!
You are too injured to fight recklessly!
You are too injured to fight recklessly!
You are too injured to fight recklessly!
You are too injured to fight recklessly!
You are too injured to fight recklessly!
You feel much better.
The hell hound bites you but does no damage.
The hell hound barely misses you. The hell hound breathes flames at you.
The blast of flame hits you!
* * * LOW HITPOINT WARNING * * *
The hell hound breathes flames at you. The blast of flame hits you!
* * * LOW HITPOINT WARNING * * *
The hell hound closely misses you. The hell hound bites you!
You die...

#..
.#.####...†.##.P.......P.
###.#......#........####
#......####.......#
.###...#.###.......##
.....PP..........#.#
.................####
.....r.....%.....
.........h......#
........h@.....#.
$...^.........##
...........##
#.#..##..P.# . ### .#####
#


You could see 2 hell hounds and a porcupine.

Vanquished Creatures
  A black mamba (Lair:3)
  Joseph (D:7)
  A spiny frog (Lair:1)
  A polar bear (Lair:5)
  A blink frog (Lair:5)
  A hippogriff (Lair:5)
  5 water moccasins
  A porcupine (Lair:3)
  2 sky beasts
  An ice beast (D:7)
  3 ogres
  2 centaurs (D:8)
  2 crocodiles
  5 bullfrogs
  A scorpion (D:6)
  A howler monkey (D:7)
  A centaur zombie (D:6)
  4 hounds
  An orc priest (D:7)
  2 orc wizards (D:8)
  2 iguanas (D:6)
  3 worker ants
  A hound zombie (D:4)
  10 adders
  An ooze (D:1)
  An adder skeleton (D:3)
  2 worms
  2 dart slugs
  4 leopard geckos
  7 orcs
  2 ball pythons
  12 bats
  3 giant cockroaches
  5 goblins
  5 hobgoblins
  6 jackals (D:2)
  5 kobolds
  2 quokkas
  3 frilled lizards
  A quokka skeleton (D:7)
  4 rats
  A spectral orc (D:6)
119 creatures vanquished.

Vanquished Creatures (others)
  2 plants (Lair:1)
2 creatures vanquished.

Grand Total: 121 creatures vanquished

Notes
Turn   | Place    | Note
-------+----------+-------------------------------------------
     0 | D:1      | Eglamore the Troll Monk began the quest for the Orb.
     0 | D:1      | Reached XP level 1. HP: 22/22 MP: 0/0
   121 | D:1      | Reached XP level 2. HP: 29/29 MP: 1/1
   845 | D:2      | Reached XP level 3. HP: 34/36 MP: 2/2
   957 | D:2      | Found a faded altar of an unknown god.
   987 | D:2      | Found a snail-covered altar of Cheibriados.
  1518 | D:2      | Reached XP level 4. HP: 44/44 MP: 3/3
  1926 | D:3      | Reached skill level 4 in Unarmed Combat
  2437 | D:3      | Reached XP level 5. HP: 48/52 MP: 4/4
  2590 | D:5      | Entered Level 5 of the Dungeon
  2641 | D:6      | Noticed an orc warrior
  2666 | D:6      | Reached skill level 5 in Unarmed Combat
  2671 | D:6      | Reached XP level 6. HP: 45/59 MP: 5/5
  2752 | D:6      | Found a staircase to the Ecumenical Temple.
  2778 | Temple   | Entered the Ecumenical Temple
  2884 | D:6      | Found a basalt altar of Yredelemnul.
  3094 | D:7      | Noticed an ice beast
  3096 | D:7      | Noticed Joseph
  3102 | D:7      | Killed an ice beast
  3102 | D:7      | Reached skill level 6 in Unarmed Combat
  3102 | D:7      | Reached XP level 7. HP: 54/67 MP: 6/6
  3119 | D:7      | Killed Joseph
  3134 | D:7      | Reached skill level 7 in Unarmed Combat
  3560 | D:8      | Found a glowing golden altar of the Shining One.
  3568 | D:8      | Reached XP level 8. HP: 65/75 MP: 7/7
  3760 | D:7      | Reached skill level 8 in Unarmed Combat
  3836 | D:8      | Noticed a two-headed ogre
  3954 | D:7      | HP: 3/78 [orc priest/divine providence (11)]
  4193 | D:8      | Reached skill level 5 in Dodging
  4283 | D:8      | Found a staircase to the Lair.
  4290 | Lair:1   | Entered Level 1 of the Lair of Beasts
  4350 | Lair:1   | Noticed a spiny frog
  4362 | Lair:1   | Killed a spiny frog
  4362 | Lair:1   | Reached skill level 9 in Unarmed Combat
  4362 | Lair:1   | Reached XP level 9. HP: 24/84 MP: 8/8
  4676 | Lair:1   | Noticed an eight-headed hydra
  4734 | Lair:2   | Noticed a black mamba
  4748 | Lair:3   | Killed a black mamba
  5000 | Lair:3   | Reached skill level 10 in Unarmed Combat
  5072 | Lair:5   | Noticed an oklob plant
  5101 | Lair:5   | Noticed a polar bear
  5115 | Lair:5   | Killed a polar bear
  5210 | Lair:5   | Noticed a spiny frog
  5282 | Lair:6   | Entered Level 6 of the Lair of Beasts
  5282 | Lair:6   | Noticed a death yak
  5282 | Lair:6   | Noticed a death yak
  5282 | Lair:6   | Noticed a death yak
  5282 | Lair:6   | Noticed a death yak
  5282 | Lair:6   | Noticed an eight-headed hydra
  5282 | Lair:6   | Noticed a death yak
  5282 | Lair:6   | Noticed a death yak
  5282 | Lair:6   | Noticed a death yak
  5282 | Lair:6   | Noticed a death yak
  5284 | Lair:6   | Noticed a death yak
  5285 | Lair:6   | Noticed a death yak
  5296 | Lair:6   | Reached XP level 10. HP: 16/94 MP: 9/9
  5318 | Lair:5   | HP: 3/94 [hell hound/blast of flame (13)]
  5318 | Lair:5   | Slain by a hell hound

Levels and vault maps discovered:
D:1:      kennysheep_arrival_seaside, layout_basic
D:2:      layout_basic, lemuel_crystal_altar, first_ration,
          chequers_ecumenical_altar_simple_redux
D:3:      layout_loops_corners
D:4:      layout_cave_pools
D:5:      cheibrodos_two_vegetables, layout_rooms, marbit_many_paths,
          basic_altar
D:6:      layout_loops_ring, yredelemnul_forgotten_temple_becter,
          minmay_temple_entry_mini_moons, st_stairs_9
D:7:      layout_loops_ring, minmay_misc_feat_iff, uniq_joseph
D:8:      layout_cave_pools, lemuel_coloured_pillars_altar, lair_entry_dummy,
          basic_altar
Temple:   zaba_magenta_temple
Lair:1:   layout_chaotic_city, serial_forest, infiniplex_forest_lined_ring,
          infiniplex_forest_lined_room_, infiniplex_forest_zigzag_1,
          infiniplex_forest_zigzag_1, infiniplex_forest_3_way,
          infiniplex_forest_lined_2, infiniplex_forest_clump_small,
          infiniplex_forest_clump_double, infiniplex_forest_clump_double
Lair:2:   cheibrodos_lair_overgrown_chateau, layout_gridlike,
          spider_nest_entry_a, nicolae_volcano_entry_lava_flow,
          infiniplex_staircase_pool_2
Lair:3:   layout_chaotic_city, hellmonk_ghost_happy_afterlife
Lair:4:   layout_hall_layers, minmay_swamp_entry_worms, gammafunk_ghost_arena
Lair:5:   layout_hall_layers, minivault_11, minmay_lair_oklob_chamber
Lair:6:   cheibrodos_lair_end_hotspot, layout_regular_city, slime_altar_1

Skill      XL: |  1  2  3  4  5  6  7  8  9 |
---------------+----------------------------+-----
Dodging        | 3 4 5 6 |  6.2
Unarmed Combat | 4 5 6 7 9 10 | 10.8
Fighting       | 3 4 |  4.7
Stealth        | 2 3 |  3.4

Action                   |  1- 3 |  4- 6 |  7- 9 | 10-12 || total
-------------------------+-------+-------+-------+-------++-------
Melee: Unarmed           |    84 |   146 |   185 |       ||   415
       Punch             |     1 |     5 |    13 |       ||    19
  Use: Scroll            |       |     4 |     9 |       ||    13
       Potion            |       |       |    13 |     1 ||    14
 Stab: Sleeping          |     5 |     4 |     1 |       ||    10
       Distracted        |       |     1 |       |       ||     1
       Invisible         |       |       |     1 |       ||     1
  Eat: Chunk             |    18 |    16 |    18 |     2 ||    54
Armor: Robe              |    37 |    49 |    48 |     3 ||   137
Dodge: Dodged            |    55 |   105 |   129 |     4 ||   293

Table legend:
 A = Non-vault XP
 B = Vault XP
 C = Vault XP percentage of total XP
 D = Non-vault monster count
 E = Vault monster count
 F = Vault count percentage of total count
                 A         B        C        D         E       F
            +---------+---------+-------+---------+---------+-------
      Total |    5155 |     456 |   8.1 |     117 |       2 |   1.7
            +---------+---------+-------+---------+---------+-------
        D:1 |      29 |       0 |   0.0 |      14 |       0 |   0.0
        D:2 |      91 |       0 |   0.0 |      28 |       0 |   0.0
        D:3 |      83 |       0 |   0.0 |      22 |       0 |   0.0
        D:4 |     116 |       0 |   0.0 |       6 |       0 |   0.0
        D:6 |     264 |       1 |   0.4 |       7 |       1 |  12.5
        D:7 |     683 |     455 |  40.0 |      14 |       1 |   6.7
        D:8 |     824 |       0 |   0.0 |      10 |       0 |   0.0
     Lair:1 |     839 |       0 |   0.0 |       4 |       0 |   0.0
     Lair:3 |     806 |       0 |   0.0 |       4 |       0 |   0.0
     Lair:5 |    1311 |       0 |   0.0 |       7 |       0 |   0.0
     Lair:6 |     109 |       0 |   0.0 |       1 |       0 |   0.0
            +---------+---------+-------+---------+---------+-------
